 Dungeon Crawl Stone Soup version 0.28.0-53-g5a82cb258f (webtiles) character file.

Game seed: 17961214926940597791

5053 mortz the Thaumaturge (level 10, 0/64 HPs)
             Began as a Pale Draconian Conjurer on Aug 14, 2022.
             Was a Believer of Hepliaklqana.
             Slain by a freezing wraith (12 damage)
             ... led by a death knight
             ... on level 7 of the Dungeon.
             The game lasted 01:11:07 (12907 turns).

mortz the Thaumaturge (Pale Draconian Conjurer)    Turns: 12907, Time: 01:11:08

Health: 0/64       AC: 10    Str:  9    XL:     10   Next: 31%
Magic:  12/23      EV: 14    Int: 23    God:    Hepliaklqana [**....]
Gold:   456        SH:  0    Dex: 16    Spells: 21/28 levels left

rFire   . . .      SeeInvis .   a - +2 rapier {short}
rCold   . . .      Faith    .   k - orb {light}
rNeg    . . .      Spirit   .   (armour unavailable)
rPois   .          Reflect  .   (helmet restricted)
rElec   .          Harm     .   w - +0 cloak
rCorr   .          Rampage  .   d - +1 pair of gloves
Will    .....                   (no boots)
Stlth   +.........              f - amulet of the acrobat
HPRegen 0.20/turn               g - +4 ring of slaying
MPRegen 0.18/turn               y - +6 ring of dexterity

@: slowed, glowing, very slow
A: reduced essence, breathe steam, AC +7, unfitting armour, cold-blooded, steam
resistance
a: Breathe Steam, Renounce Religion, Recall Ancestor, Ancestor Identity


You were on level 7 of the Dungeon.
You worshipped Hepliaklqana.
Hepliaklqana was pleased with you.
You visited 1 branch of the dungeon, and saw 8 of its levels.
You also visited: Ossuary.

You collected 456 gold pieces.


Innate Abilities, Weirdness & Mutations

Your life essence is reduced to manifest your ancestor. (-10% HP)
You can breathe blasts of scalding, opaque steam.
Your pale cyan-grey scales are hard. (AC +7)
You cannot fit into any form of body armour.
You are cold-blooded and may be slowed by cold attacks.
You are immune to the effects of steam.


   Skills:
 + Level 1.5 Fighting
 + Level 4.5 Dodging
 + Level 4.4 Stealth
 * Level 9.7 Spellcasting
 + Level 8.3 Conjurations
 * Level 5.5 Translocations


You had 21 spell levels left.
You knew the following spells:

 Your Spells              Type           Power      Damage    Failure   Level
a - Magic Dart            Conj           100%       1d8       1%          1
b - Searing Ray           Conj           98%        2d8       1%          2
c - Iskenderun's Mystic   Conj/Tloc      43%        2d10      3%          4

Your spell library contained the following spells:

 Spells                   Type           Power      Damage    Failure   Level
 Apportation              Tloc           72%        N/A       1%          1
 Dazzling Flash           Conj/Hex       60%        N/A       3%          3
 Animate Skeleton         Necr           22%        N/A       6%          1
 Summon Small Mammal      Summ           44%        N/A       6%          1
 Scorch                   Fire           22%        2d6       9%          2
 Flame Wave               Conj/Fire      30%        2d8       11%         4
 Fulminant Prism          Conj/Hex       15%        3d11      11%         4
 Ozocubu's Armour         Ice            11%        N/A       17%         3
 Summon Cactus Giant      Summ           5%         N/A       100%        6
 Ozocubu's Refrigeration  Ice            5%         4d6       100%        7

Inventory:

Hand Weapons
 a - a +2 rapier (weapon) {short}
   (You found it on level 3 of the Dungeon)
 c - a +0 flail of draining {mace}
   (You took it off an orc on level 7 of the Dungeon)
 m - a +0 vorpal flail {mace}
   (You took it off a gnoll on level 3 of the Dungeon)
 o - a +1 halberd of protection {polearm}
   (You took it off a gnoll on level 3 of the Dungeon)
 F - a +2 hand axe of freezing {axe}
   (You took it off an orc on level 7 of the Dungeon)
 J - a +1 vorpal hunting sling {sling}
   (You took it off Joseph on level 7 of the Dungeon)
 L - a +0 dagger of electrocution {short}
   (You took it off an orc wizard on level 8 of the Dungeon)
Missiles
 i - 5 poisoned darts {throwing}
 D - 2 atropa-tipped darts {throwing}
Armour
 d - a +1 pair of gloves (worn)
   (You found it on level 1 of the Dungeon)
 k - an orb of light (worn)
   (You found it on level 3 of the Dungeon)
 w - a +0 cloak (worn)
   (You found it on level 5 of the Dungeon)
Magical Staves
 B - a staff of air {!astaff}
   (You found it on level 6 of the Dungeon)
 K - a staff of poison {!astaff}
   (You found it on level 8 of the Dungeon)
Jewellery
 f - an amulet of the acrobat (around neck)
   (You found it on level 2 of the Dungeon)
 g - a +4 ring of slaying (left hand)
   (You found it on level 3 of the Dungeon)
 y - a +6 ring of dexterity (right hand)
   (You found it on level 5 of the Dungeon)
Wands
 q - a wand of paralysis (14)
   (You found it on level 4 of the Dungeon)
 A - a wand of polymorph (10)
   (You found it on level 6 of the Dungeon)
Scrolls
 e - 2 scrolls of enchant weapon
 p - 4 scrolls of teleportation {@r4}
 s - a scroll of fog
 z - a scroll of summoning
 E - a scroll of acquirement {unknown}
 M - a scroll of fear {unknown}
Potions
 b - 2 potions of mutation {!q}
 h - 2 potions of curing {@q1}
 j - 2 potions of heal wounds {unknown}
 l - a potion of haste {unknown}
 n - 2 potions of berserk rage {unknown}
 r - 2 potions of ambrosia
 t - 2 potions of cancellation {unknown}
 u - a potion of attraction {unknown}
 v - a potion of brilliance {unknown}
 x - 5 potions of might {unknown}
 C - a potion of magic {unknown}
 G - a potion of resistance {unknown}
 H - 2 potions of experience {unknown}
 I - a potion of lignification {unknown}

Dungeon Overview and Level Annotations

Branches:
Dungeon (8/15)             Temple (0/1) D:5         Ossuary (visited)
   Lair: D:8-11

Altars:
Ashenzari
Hepliaklqana
Uskayaw
Wu Jian
Yredelemnul

Shops:
D:5

* ........#
..#.###################
..#.[.................#
..#################.###
### #.# #.# #.#
###################.#
...............W@...#
#####################


You could see a freezing wraith.


Message History

The searing ray hits the phantasmal warrior but does no damage.
The phantasmal warrior gestures at you.
The phantasmal warrior blinks!
The freezing wraith completely misses you.
The freezing wraith barely misses you.
The searing ray hits the phantasmal warrior but does no damage.
You finish channelling your searing ray.
The freezing wraith barely misses you. The freezing wraith hits you!
The freezing wraith drains your vigour!
You feel as though you will be slow longer.
The phantasmal warrior completely misses you.
The freezing wraith misses you. x2 😮 HP[-10] MP[-1]
You take 10 damage, and now have 45/64 hp.
You lost 1 mp, and now have 14/23 mp.
The phantasmal warrior hits you! x2
* * * LOW HITPOINT WARNING * * *
😨 HP[-20]
You take 20 damage, and now have 25/64 hp.
MASSIVE DAMAGE!! (PAUSE) 😨 MP[+1]
The phantasmal warrior gestures at you.
The phantasmal warrior blinks! 😨 HP[+1] 😨 MP[+1]
The phantasmal warrior gestures at you.
The phantasmal warrior blinks!
The phantasmal warrior gestures at you.
The phantasmal warrior blinks!
The freezing wraith barely misses you.
The freezing wraith completely misses you. 😨 HP[+1]
The phantasmal warrior completely misses you.
The freezing wraith completely misses you.
The freezing wraith hits you!
* * * LOW HITPOINT WARNING * * *
The freezing wraith drains your vigour!
You feel as though you will be slow longer. 😨 HP[-7]
You take 7 damage, and now have 20/64 hp.
The phantasmal warrior completely misses you. 😨 MP[+1]
The phantasmal warrior misses you. The freezing wraith misses you.
The freezing wraith completely misses you. 😨 HP[+1]
The phantasmal warrior gestures at you.
The phantasmal warrior blinks!
The phantasmal warrior gestures at you.
The phantasmal warrior blinks!
The freezing wraith closely misses you. The freezing wraith misses you.
There is a stone staircase leading up here.
The freezing wraith misses you.
The freezing wraith hits you but does no damage.
You climb upwards.
There is a stone staircase leading down here. 😨 HP[+1] MP[+1]
Casting: Searing Ray (safe; 1% risk of failure)
Confirm with . or Enter, or press ? or * to list all spells.
Aiming: Searing Ray (safe; 1% risk of failure)
Press: ? - help, Shift-Dir - straight line, f - freezing wraith
Aim: a freezing wraith (lightly damaged, haloed, 87% to hit)
The searing ray hits the freezing wraith but does no damage. (Press . to maintain the ray.)
The freezing wraith closely misses you. The freezing wraith hits you.
* * * LOW HITPOINT WARNING * * *
The freezing wraith misses you. The freezing wraith hits you.
* * * LOW HITPOINT WARNING * * *
The freezing wraith drains your vigour!
You feel as though you will be slow longer. 😱 HP[-7] MP[-2]
You take 7 damage, and now have 15/64 hp.
You lost 2 mp, and now have 16/23 mp.
The searing ray hits the freezing wraith.
The freezing wraith misses you.
The freezing wraith completely misses you. 😱 HP[+1]
The searing ray hits the freezing wraith but does no damage.
The freezing wraith completely misses you. x2
The freezing wraith closely misses you. The freezing wraith hits you.
* * * LOW HITPOINT WARNING * * *
The freezing wraith drains your vigour!
You feel as though you will be slow longer. 😱 HP[-2] MP[-1]
You take 2 damage, and now have 14/64 hp.
You lost 1 mp, and now have 15/23 mp.
The searing ray hits the freezing wraith but does no damage.
You finish channelling your searing ray.
The freezing wraith barely misses you.
The freezing wraith misses you. 😱 MP[-1]
You lost 1 mp, and now have 14/23 mp.
Casting: Searing Ray (safe; 1% risk of failure)
Confirm with . or Enter, or press ? or * to list all spells.
Aiming: Searing Ray (safe; 1% risk of failure)
Press: ? - help, Shift-Dir - straight line, f/p - freezing wraith
Aim: a freezing wraith (moderately damaged, haloed, 87% to hit)
The searing ray hits the freezing wraith. (Press . to maintain the ray.)
The freezing wraith hits you.
* * * LOW HITPOINT WARNING * * *
The freezing wraith freezes you!
You die...

Skill      XL: |  1  2  3  4  5  6  7  8  9 10 |
---------------+-------------------------------+-----
Stealth        | 2 3 4 |  4.4
Dodging        | 2 3 4 |  4.5
Translocations | 1 2 3 4 5 |  5.5
Spellcasting   | 3 4 6 7 9 |  9.7
Conjurations   | 5 6 7 8 |  8.3
Fighting       | 1 |  1.5

Action                   |  1- 3 |  4- 6 |  7- 9 | 10-12 || total
-------------------------+-------+-------+-------+-------++-------
Melee: Spear             |     1 |       |       |       ||     1
       Short sword       |    37 |     3 |       |       ||    40
       Tailslap          |     2 |       |       |       ||     2
       Rapier            |       |     5 |       |       ||     5
 Cast: Magic Dart        |    31 |    70 |    48 |    28 ||   177
       Searing Ray       |    22 |    48 |    66 |    21 ||   157
Invok: Ancestor Identity |       |     1 |     1 |       ||     2
       Ancestor Life: Ba |       |       |     1 |       ||     1
  Use: Scroll            |       |     9 |     6 |     1 ||    16
       Potion            |       |       |     3 |       ||     3
 Stab: Sleeping          |     1 |       |       |       ||     1
Armor: Skin              |    20 |     2 |    12 |     3 ||    37
Dodge: Dodged            |    40 |    38 |    78 |    46 ||   202

Levels and vault maps discovered:
D:1:      minmay_arrival_glassed_features, layout_basic,
          hangedman_feature_mirror, nicolae_concentric_dashed_squares_mild,
          minivault_11
D:2:      layout_basic, ebering_ecumenical_altar_abandoned, minmay_misc_feat_chi
D:3:      layout_basic, nicolae_hepliaklqana_monster_ancestors
D:4:      layout_loops_corners, minmay_fractal_squares_gapless_5
D:5:      layout_gridville, lemuel_tele_altar, minmay_temple_entry_sparse_star,
          gammafunk_ghost_stat_death, serial_shops, shop,
          gup_ossuary_entry_pyramid, chequers_decorated_corner, uniq_pikel
D:6:      layout_gridville
D:7:      layout_basic, dk_yredelemnul_ordeal, cheibrodos_ashenzari_chains,
          mainiacjoe_overflow_surrounded_room, uniq_joseph
D:8:      layout_gridville

Notes
Turn   | Place    | Note
-------+----------+-------------------------------------------
     0 | D:1      | mortz the Draconian Conjurer began the quest for the Orb.
     0 | D:1      | Reached XP level 1. HP: 14/14 MP: 3/3
     0 | D:1      | magus.rc [v1.9.6]
   262 | D:1      | Reached XP level 2. HP: 19/20 MP: 0/5
   269 | D:1      | Reached skill level 2 in Stealth
   472 | D:1      | Learned a level 2 spell: Searing Ray
   510 | D:1      | Reached skill level 2 in Dodging
   958 | D:1      | Reached XP level 3. HP: 26/26 MP: 0/6
  1431 | D:2      | HP: 6/26 [poisoned by an adder]
  1730 | D:2      | Found a faded altar of an unknown god.
  2045 | D:2      | Reached XP level 4. HP: 33/33 MP: 1/7
  2350 | D:2      | Reached skill level 1 in Translocations
  2824 | D:3      | Learned a level 4 spell: Iskenderun's Mystic Blast
  3232 | D:3      | Found a hazy altar of Hepliaklqana.
  3308 | D:3      | Became a worshipper of Hepliaklqana the Forgotten
  3420 | D:3      | Reached skill level 3 in Spellcasting
  3582 | D:3      | Reached skill level 5 in Conjurations
  3909 | D:3      | Reached XP level 5. HP: 38/38 MP: 5/9
  4387 | D:4      | You add the spells Ozocubu's Armour and Ozocubu's
                  | Refrigeration to your library.
  4973 | D:4      | Noticed a centaur
  4984 | D:4      | Killed a centaur
  4985 | D:4      | Reached skill level 4 in Spellcasting
  4985 | D:4      | Reached XP level 6. HP: 18/45 MP: 3/12
  5384 | D:5      | Entered Level 5 of the Dungeon
  5390 | D:5      | Noticed Pikel
  5403 | D:5      | Found a sand-covered staircase.
  5409 | Ossuary  | Entered an ossuary
  5409 | Ossuary  | Reached * piety under Hepliaklqana
  5969 | Ossuary  | Reached skill level 2 in Translocations
  6096 | Ossuary  | Your scales start taking on a pale cyan-grey colour.
  6096 | Ossuary  | Reached XP level 7. HP: 45/45 MP: 0/14
  6096 | Ossuary  | Gained mutation: You are immune to the effects of steam.
                  | [Pale Draconian growth]
  6270 | Ossuary  | Reached skill level 5 in Spellcasting
  6670 | D:5      | HP: 5/45 [Pikel/+2 whip of flaming (12)]
  6681 | D:5      | Found a staircase to the Ecumenical Temple.
  7425 | D:5      | Reached skill level 3 in Translocations
  7467 | D:5      | You pick up a book of Scorching and begin reading...
  7467 | D:5      | You add the spells Scorch, Flame Wave and Summon Cactus
                  | Giant to your library.
  7640 | D:5      | Killed Pikel
  7641 | D:5      | Reached skill level 6 in Spellcasting
  7641 | D:5      | Reached skill level 6 in Conjurations
  7641 | D:5      | Reached XP level 8. HP: 33/52 MP: 1/17
  7768 | D:5      | Found a hide-covered altar of Uskayaw.
  7820 | D:5      | Reached skill level 3 in Stealth
  7840 | D:4      | Reached skill level 3 in Dodging
  7968 | D:5      | Reached skill level 7 in Spellcasting
  7968 | D:5      | Reached skill level 4 in Translocations
  8126 | D:5      | Found a transporter.
  8249 | D:5      | Reached skill level 1 in Fighting
  8314 | D:5      | Found a transporter.
  8354 | D:5      | Found Dithe's General Store.
  8406 | D:5      | Noticed dunc018's ghost (amateur HuCj)
  8624 | D:5      | Killed dunc018's ghost
  8625 | D:5      | Reached skill level 7 in Conjurations
  8625 | D:5      | Reached XP level 9. HP: 56/57 MP: 6/20
  9391 | D:6      | Reached skill level 8 in Spellcasting
  9392 | D:6      | Reached ** piety under Hepliaklqana
  9393 | D:6      | Remembered your ancestor glurtz as a battlemage
  9449 | D:6      | Reached skill level 4 in Dodging
 10086 | D:7      | Found a broken altar of Ashenzari.
 10240 | D:7      | Reached skill level 5 in Translocations
 10241 | D:7      | Noticed Joseph
 10435 | D:7      | Noticed a troll
 10441 | D:7      | Killed a troll
 10442 | D:7      | Reached skill level 9 in Spellcasting
 10550 | D:7      | Found a runed translucent door.
 10555 | D:7      | Found a basalt altar of Yredelemnul.
 10671 | D:7      | You pick up a book of Cantrips and begin reading...
 10671 | D:7      | You add the spells Animate Skeleton, Summon Small Mammal
                  | and Apportation to your library.
 10753 | D:7      | Found an ornate altar of the Wu Jian Council.
 10902 | D:7      | Found a broken altar of Ashenzari.
 10905 | D:7      | Found an ornate altar of the Wu Jian Council.
 10962 | D:7      | Found a runed translucent door.
 10965 | D:7      | Found a basalt altar of Yredelemnul.
 11338 | D:7      | Killed Joseph
 11514 | D:7      | Reached XP level 10. HP: 64/64 MP: 19/23
 11630 | D:8      | Reached skill level 8 in Conjurations
 11660 | D:8      | Reached skill level 4 in Stealth
 12038 | D:8      | Noticed a death knight
 12058 | D:7      | magus.rc [v1.9.6]
 12233 | D:8      | Noticed a phantasmal warrior
 12433 | D:8      | HP: 15/64 [phantasmal warrior[a death knight] (16)]
 12903 | D:7      | HP: 15/64 [freezing wraith[a death knight] (2)]
 12907 | D:7      | Slain by a freezing wraith

Vanquished Creatures
  Pikel (D:5)
  Joseph (D:7)
  2 yaks
  A wyvern (D:8)
  2 steam dragons
  The ghost of dunc018 the Conjurer, an amateur HuCj (D:5)
  A water moccasin (D:6)
  A sky beast (D:6)
  A necrophage (D:7)
  A centaur (D:4)
  3 lemures
  A phantom (D:5)
  2 elf zombies (Ossuary)
  3 bullfrogs
  A scorpion (D:4)
  2 wyvern zombies
  A centaur zombie (D:8)
  A gnoll shaman (D:5)
  A hound (D:4)
  2 human zombies (Ossuary)
  A jelly (D:7)
  2 iguanas
  4 orc wizards
  A killer bee zombie (D:5)
  A hound skeleton (D:5)
  2 mummies
  6 adders
  7 gnolls
  A white imp (D:5)
  2 ufetubi
  A worm (D:2)
  2 dart slugs
  19 orcs
  5 endoplasms (D:1)
  4 giant cockroaches
  6 goblins
  7 hobgoblins
  3 jackals (D:1)
  7 kobolds
  3 quokkas
  12 ball pythons
  3 bats
  3 frilled lizards
  4 goblin zombies (Ossuary)
  11 hobgoblin zombies (Ossuary)
  2 jackal zombies (Ossuary)
  8 kobold zombies (Ossuary)
  5 orc zombies (Ossuary)
  12 rats
  A spectral orc (D:3)
174 creatures vanquished.

Vanquished Creatures (collateral kills)
  A troll (D:7)
  2 wraiths (D:8)
  A yak (D:5)
  A human (D:7)
  2 steam dragons
  2 orc warriors
  An ogre (D:5)
  2 centaurs
  A lemure (D:4)
  A phantom (D:6)
  An elf zombie (Ossuary)
  A bullfrog (D:7)
  2 quasits (D:5)
  A human zombie (D:7)
  An orc priest (D:7)
  A bullfrog skeleton (D:6)
  2 orc wizards
  A mummy (Ossuary)
  3 orcs
  2 hobgoblin zombies (Ossuary)
29 creatures vanquished.

Vanquished Creatures (others)
  5 battlemagi
  6 ancestors
11 creatures vanquished.

Grand Total: 214 creatures vanquished

Table legend:
 A = Non-vault XP
 B = Vault XP
 C = Vault XP percentage of total XP
 D = Non-vault monster count
 E = Vault monster count
 F = Vault count percentage of total count
                 A         B        C        D         E       F
            +---------+---------+-------+---------+---------+-------
      Total |    5071 |    2148 |  29.8 |     141 |      58 |  29.1
            +---------+---------+-------+---------+---------+-------
        D:1 |      39 |      10 |  20.4 |      22 |       6 |  21.4
        D:2 |      85 |       0 |   0.0 |      22 |       0 |   0.0
        D:3 |      86 |       4 |   4.4 |      22 |       2 |   8.3
        D:4 |     401 |     121 |  23.2 |      11 |       3 |  21.4
        D:5 |     859 |     905 |  51.3 |      14 |       5 |  26.3
        D:6 |    1020 |       0 |   0.0 |      17 |       0 |   0.0
        D:7 |     989 |     665 |  40.2 |      12 |       3 |  20.0
        D:8 |    1592 |       0 |   0.0 |      21 |       0 |   0.0
    Ossuary |       0 |     443 | 100.0 |       0 |      39 | 100.0
            +---------+---------+-------+---------+---------+-------

Illustrated notes

Table legend:
 A = Kills in this place as a percentage of kills in entire the game.
 B = Kills by you in this place as a percentage of kills by you in the entire game.
 C = Kills by friends in this place as a percentage of kills by friends in the entire game.
 D = Other kills in this place as a percentage of other kills in the entire game.
 E = Experience gained in this place as a percentage of experience gained in the entire game.
 F = Experience gained in this place divided by the number of levels of this place that you have seen.
                   A       B       C       D       E      F
               +-------+-------+-------+-------+-------+----------------------
         Total | 100.0 | 100.0 | 100.0 |   N/A | 100.0 | 802.1
       Dungeon |  80.4 |  79.5 |  85.7 |   N/A |  93.9 | 847.0
       Ossuary |  19.6 |  20.5 |  14.3 |   N/A |   6.1 | 443.0
               +-------+-------+-------+-------+-------+----------------------

Table legend: (Time is in decaauts)
 A = Elapsed time spent in this place.
 B = Non-inter-level travel time spent in this place.
 C = Inter-level travel time spent in this place.
 D = Time resting spent in this place.
 E = Time spent auto-exploring this place.
 F = Levels seen in this place.
 G = Mean time per level.
                   A        B        C        D        E       F      G
               +--------+--------+--------+--------+--------+-----+--------+
         Total |  12934 |  12327 |    607 |   1179 |   8968 |   9 | 1437.1 |
       Dungeon |  11679 |  11072 |    607 |    592 |   8704 |   8 | 1459.9 |
       Ossuary |   1254 |   1254 |      0 |    587 |    264 |   1 | 1254.0 |
               +--------+--------+--------+--------+--------+-----+--------+

Top non-repeatable levels by time:
     D:4: 2139 daAuts
     D:2: 1734 daAuts
     D:7: 1647 daAuts
     D:5: 1384 daAuts
     D:1: 1336 daAuts
     D:8: 1279 daAuts
 Ossuary: 1254 daAuts
     D:6: 1087 daAuts
     D:3: 1070 daAuts
